 Dungeon Crawl Stone Soup version 0.29-a0-356-g7bc237e783 (webtiles) character file.

Game seed: 5666332816829381571

48 rabbitsville the Skirmisher (level 3, -1/42 HPs)
             Began as an Ogre Monk on Apr 25, 2022.
             Killed from afar by Terence (9 damage)
             ... with a puff of flame
             ... on level 3 of the Dungeon.
             The game lasted 00:04:50 (2260 turns).

rabbitsville the Skirmisher (Ogre Monk)             Turns: 2260, Time: 00:04:51

Health: -1/42      AC:  3    Str: 17    XL:     3   Next: 72%
Magic:  3/3        EV: 10    Int: 11    God:
Gold:   104        SH:  0    Dex: 17    Spells: 2/2 levels left

rFire   . . .      SeeInvis +   a - +0 mace
rCold   . . .      Faith    .   p - orb {*Rage}
rNeg    . . .      Spirit   .   b - +0 robe
rPois   .          Reflect  .   q - +0 hat
rElec   .          Harm     .   (no cloak)
rCorr   .          Rampage  .   (gloves unavailable)
Will    .....      Rage     20% (boots unavailable)
Stlth   ++........              (no amulet)
HPRegen 0.14/turn               d - ring of see invisible
MPRegen 0.08/turn               e - +6 ring of dexterity

@: on berserk cooldown, slowed, very slow
A: large, unfitting armour, tough skin 1
a: no special abilities


You were on level 3 of the Dungeon.
You visited 1 branch of the dungeon, and saw 3 of its levels.

You collected 104 gold pieces.

Inventory:

Hand Weapons
 a - a +0 mace (weapon)
Missiles
 f - 5 boomerangs (quivered)
Armour
 b - a +0 robe (worn)
 p - an orb of wrath (worn)
 q - a +0 hat (worn)
Jewellery
 d - a ring of see invisible (left hand)
 e - a +6 ring of dexterity (right hand)
Scrolls
 g - a scroll of enchant armour {unknown}
 h - 2 scrolls of fog {unknown}
 i - a scroll of blinking {unknown}
 j - 3 scrolls of teleportation {unknown}
 k - a scroll of torment {unknown}
 m - a scroll of identify {unknown}
Potions
 c - 2 potions of ambrosia
 l - a potion of curing {unknown}
 n - a potion of mutation {unknown}
 o - a potion of flight {unknown}


   Skills:
 * Level 5.3 Fighting
 + Level 3.4 Maces & Flails
 - Level 2.6 Dodging
 - Level 1.4 Stealth


You had 2 spell levels left.
You didn't know any spells.
Your spell library contained the following spells:

 Spells                   Type           Power      Damage    Failure   Level
 Dazzling Flash           Conj/Hex       0%         N/A       71%         3
 Summon Lightning Spire   Summ/Air       0%         N/A       98%         4
 Agony                    Necr           0%         N/A       100%        5
 Silence                  Hex/Air        0%         N/A       100%        5
 Storm Form               Tmut/Air       0%         N/A       100%        7
 Maxwell's Capacitive Co  Air            0%         ∞         100%        8


Dungeon Overview and Level Annotations

Branches:
Dungeon (3/15)

Altars:

Shops:
D:2 (

Annotations:
D:3 Terence


Innate Abilities, Weirdness & Mutations

You are too large for most types of armour.
You have tough skin. (AC +1)


Message History

Found a runed flail.
An orc comes into view. It is wielding a +0 hand axe.
Found a fizzy grey potion.
You hear the slow rusting of a very distant drain.
The orc shouts!
You hear a shout! x2
An orc comes into view. It is wielding a +0 club.
You hear a shout!
Terence the Incautious comes into view.
He is wielding a +0 flail and carrying a wand of flame (17).
You hear a shout!
Terence drinks a potion.
Terence suddenly seems more resistant.
An orc comes into view. It is wielding a +0 flail.
You hit the orc.
The orc is severely wounded.
An orc comes into view. It is wielding a +0 hand axe.
The orc hits you with a +0 club. The orc hits you with a +0 hand axe.
The orc barely misses you.
An orc wizard comes into view. It is wielding a +0 dagger.
The orc barely misses you. The orc attacks as you move away!
The orc barely misses you. The orc attacks as you move away!
The orc hits you with a +0 club. The orc attacks as you move away!
The orc barely misses you. The orc attacks as you move away!
The orc hits you with a +0 club.
The orc wizard shouts!
Terence attacks as you move away! Terence barely misses you.
The orc hits you with a +0 hand axe. The orc attacks as you move away!
The orc barely misses you.
Terence zaps a wand.
The puff of flame hits you!
The orc wizard gestures wildly while chanting.
The orc wizard flickers and vanishes for a moment.
The orc barely misses you. Terence attacks as you move away!
Terence hits you with a +0 flail! The orc attacks as you move away!
The orc hits you but does no damage.
There is a stone staircase leading down here.
Terence hits you but does no damage.
There is a stone staircase leading up here.
The orc completely misses you. Terence hits you with a +0 flail.
The orc hits you with a +0 hand axe. x2
* * * LOW HITPOINT WARNING * * *
Terence zaps a wand.
The puff of flame hits you!
You die...

....# ##### ....#
##...## ....##
##.....## .....##
#.......# .......
#..o..).# ..).#
#.@ooo..####....##.
##.@o..............
#.................#
#.......##.........
#.......###.......#
##.....## #.......#
##..... #.......#
###..). ##.....!#
..$... .#.##.#


You could see Terence (resistant), an orc wizard (invisible) and 4 orcs.

Vanquished Creatures
  An adder (D:2)
  A worm (D:2)
  2 dart slugs (D:1)
  3 bats
  An endoplasm (D:1)
  2 giant cockroaches (D:1)
  2 goblins
  5 hobgoblins
  2 quokkas (D:2)
  3 ball pythons
  3 frilled lizards
  2 kobolds (D:1)
  3 rats
30 creatures vanquished.

Notes
Turn   | Place    | Note
-------+----------+-------------------------------------------
     0 | D:1      | rabbitsville the Ogre Monk began the quest for the Orb.
     0 | D:1      | Reached XP level 1. HP: 24/24 MP: 1/1
   246 | D:1      | Reached XP level 2. HP: 26/33 MP: 2/2
  1292 | D:2      | Reached skill level 5 in Fighting
  1292 | D:2      | Reached XP level 3. HP: 30/42 MP: 3/3
  1428 | D:2      | Found Teerokh's Weapon Shop.
  2249 | D:3      | Noticed Terence
  2260 | D:3      | Killed from afar by Terence

Illustrated notes

Levels and vault maps discovered:
D:1:      dpeg_arrival_refuge, layout_loops_ring, amcnicky_mini_pool_small,
          kennysheep_another_room, minmay_misc_feat_enclosed,
          serial_park_tiny_pond, chequers_serial_rivers_micro_a,
          minmay_hedge_maze, minmay_tetromino_i4
D:2:      layout_loops_cross, serial_shops, shop, kennysheep_generic_room_9
D:3:      layout_rooms, lemuel_round_altar, gup_sewer_entry_spiral, uniq_terence

Skill      XL: |  1  2 |
---------------+-------+-----
Maces & Flails | 3 |  3.4
Fighting       | 5 |  5.3
Dodging        | |  2.6
Stealth        | |  1.4

Action                   || total
-------------------------++-------
Melee: Mace              ||    90
       Punch             ||     1
 Stab: Sleeping          ||     2
Armor: Robe              ||    32
Dodge: Dodged            ||    65

Table legend: (Time is in decaauts)
 A = Elapsed time spent in this place.
 B = Non-inter-level travel time spent in this place.
 C = Inter-level travel time spent in this place.
 D = Time resting spent in this place.
 E = Time spent auto-exploring this place.
 F = Levels seen in this place.
 G = Mean time per level.
                   A        B        C        D        E       F      G
               +--------+--------+--------+--------+--------+-----+--------+
         Total |   2289 |   2209 |     80 |      0 |   1770 |   3 |  763.0 |
       Dungeon |   2289 |   2209 |     80 |      0 |   1770 |   3 |  763.0 |
               +--------+--------+--------+--------+--------+-----+--------+

Top non-repeatable levels by time:
     D:1: 1183 daAuts
     D:2: 1075 daAuts
     D:3: 31 daAuts
